 Dungeon Crawl Stone Soup version 0.28.0-53-g5a82cb258f (webtiles) character file.

Game seed: 15686805264252155633

15095 CryoSword the Basher (level 11, -1/92 HPs)
             Began as a Pale Draconian Conjurer on June 2, 2022.
             Was a Priest of Dithmenos.
             Slain by an ironbound frostheart (6 damage)
             ... in an ice cave.
             The game lasted 00:30:35 (15831 turns).

CryoSword the Basher (Pale Draconian Conjurer)     Turns: 15831, Time: 00:30:35

Health: -1/92      AC: 13    Str: 11    XL:     11   Next: 97%
Magic:  27/27      EV: 11    Int: 21    God:    Dithmenos [***...]
Gold:   713        SH: 18    Dex: 10    Spells: 6/19 levels left

rFire   + . .      SeeInvis .   m - +4 whip (flame)
rCold   + . .      Faith    .   s - +3 kite shield
rNeg    . . .      Spirit   .   (armour unavailable)
rPois   +          Reflect  +   g - +2 hat
rElec   +          Harm     .   w - +0 cloak
rCorr   +          Rampage  .   (no gloves)
Will    .....                   e - +2 pair of boots
Stlth   +++.......              n - amulet of reflection
HPRegen 0.25/turn               F - +4 ring of slaying
MPRegen 0.20/turn               A - ring of magical power

@: mighty, short of breath, resistant, wreathed by umbra
A: breathe steam, AC +7, unfitting armour, cold-blooded, steam resistance
a: Breathe Steam, Renounce Religion, Shadow Step


You were in an ice cave.
You worshipped Dithmenos.
Dithmenos was most pleased with you.
You visited 2 branches of the dungeon, and saw 12 of its levels.
You also visited: Ice Cave.

You collected 713 gold pieces.

Inventory:

Hand Weapons
 m - a +4 whip of flaming (weapon)
   (You took it off an orc on level 3 of the Dungeon)
Missiles
 l - 5 boomerangs
 G - 5 poisoned darts
Armour
 e - a +2 pair of boots (worn)
   (You found it on level 1 of the Dungeon)
 g - a +2 hat (worn)
   (You found it on level 1 of the Dungeon)
 s - a +3 kite shield (worn)
   (You took it off a hobgoblin on level 4 of the Dungeon)
 w - a +0 cloak (worn)
   (You found it on level 7 of the Dungeon)
Jewellery
 k - a ring of positive energy
   (You found it in an ice cave)
 n - an amulet of reflection (around neck)
   (You found it on level 4 of the Dungeon)
 A - a ring of magical power (right hand)
   (You took it off a gnoll on level 7 of the Dungeon)
 F - a +4 ring of slaying (left hand)
   (You found it on level 9 of the Dungeon)
Wands
 d - a wand of digging (7)
   (You found it on level 3 of the Dungeon)
 y - a wand of mindburst (20) (quivered)
   (You took it off a gnoll on level 7 of the Dungeon)
 H - a wand of paralysis (7)
   (You found it in an ice cave)
Scrolls
 a - a scroll of blinking
 b - 4 scrolls of teleportation {@r4}
 c - a scroll of acquirement {unknown}
 i - a scroll of immolation {unknown}
 j - 4 scrolls of enchant weapon
 r - 2 scrolls of amnesia
 v - 2 scrolls of vulnerability {!r}
 x - 4 scrolls of fear
 B - a scroll of magic mapping
 C - a scroll of silence {unknown}
Potions
 f - a potion of attraction {!q}
 o - 3 potions of curing {@q1}
 p - 3 potions of invisibility
 q - a potion of ambrosia {unknown}
 u - a potion of cancellation {unknown}
 z - a potion of mutation {unknown}
 E - a potion of heal wounds {unknown}


   Skills:
 + Level 7.6 Fighting
 + Level 9.3 Maces & Flails
 - Level 2.6 Dodging
 - Level 3.0 Stealth
 * Level 9.3 Shields
 + Level 4.6 Spellcasting
 + Level 8.8 Conjurations
 * Level 5.1 Translocations
 * Level 7.0 Air Magic


You had 6 spell levels left.
You knew the following spells:

 Your Spells              Type           Power      Damage    Failure   Level
a - Airstrike             Air            17%        N/A       14%         4
b - Searing Ray           Conj           82%        2d7       1%          2
c - Iskenderun's Mystic   Conj/Tloc      34%        2d8       14%         4
X - Swiftness             Air            34%        N/A       4%          3

Your spell library contained the following spells:

 Spells                   Type           Power      Damage    Failure   Level
 Magic Dart               Conj           100%       1d8       1%          1
 Shock                    Conj/Air       100%       1d9       1%          1
 Dazzling Flash           Conj/Hex       46%        N/A       13%         3
 Ensorcelled Hibernation  Hex/Ice        8%         N/A       36%         2
 Passwall                 Tmut/Erth      3%         N/A       36%         2
 Fulminant Prism          Conj/Hex       11%        3d9       38%         4
 Ozocubu's Armour         Ice            4%         N/A       58%         3
 Summon Guardian Golem    Hex/Summ       4%         N/A       58%         3
 Petrify                  Tmut/Erth      4%         N/A       94%         4
 Metabolic Englaciation   Hex/Ice        2%         N/A       100%        5
 Statue Form              Tmut/Erth      2%         N/A       100%        6
 Orb of Destruction       Conj           20%        9d8       99%         7
 Ozocubu's Refrigeration  Ice            2%         4d5       100%        7
 Spellforged Servitor     Conj/Summ      11%        N/A       100%        7


Dungeon Overview and Level Annotations

Branches:
Dungeon (11/15)            Temple (1/1) D:4             Orc (0/2) D:10
  IceCv (1/1)
   Lair: D:8-11

Altars:
Ashenzari
Cheibriados
Dithmenos
Elyvilon
Fedhas
Gozag
Hepliaklqana
Kikubaaqudgha
Makhleb
Nemelex Xobeh
Okawaru
Qazlal
Ru
Sif Muna
Trog
Uskayaw
Vehumet
Wu Jian
Xom
Yredelemnul
Zin
The Shining One
Beogh
Lugonu

Portals:
Abyss: D:6

Annotations:
D:3 Dowan, Duvessa
D:6 2 transporters, Gabide's ghost, novice VSMo
D:7 3 runed translucent doors, kalagan's ghost, novice DECj IceCv exclusions: ice statue and 1 more exclusion


Innate Abilities, Weirdness & Mutations

You can breathe blasts of scalding, opaque steam.
Your pale cyan-grey scales are hard. (AC +7)
You cannot fit into any form of body armour.
You are cold-blooded and may be slowed by cold attacks.
You are immune to the effects of steam.


Message History

The searing ray hits the death yak.
The rime drake hisses angrily.
You block the death yak's attack.
The searing ray hits the death yak.
The searing ray misses the death yak.
The searing ray hits the rime drake.
The death yak gores you but does no damage.
The searing ray hits the death yak but does no damage.
The searing ray hits the death yak.
You finish channelling your searing ray.
The death yak gores you! The death yak barely misses you.
Aim: a death yak (lightly wounded, umbra, 94% to hit)
The searing ray hits the death yak but does no damage.
The searing ray hits the death yak. (Press . to maintain the ray.)
The death yak closely misses you.
Unknown command.
The searing ray misses the death yak.
The searing ray hits the death yak but does no damage.
The death yak gores you!
The searing ray hits the death yak. x2; You block the death yak's attack.
The searing ray hits the death yak but does no damage.
The searing ray hits the death yak.
You finish channelling your searing ray.
You block the death yak's attack.
Aim: a death yak (lightly wounded, umbra, 94% to hit)
The searing ray hits the death yak!
The searing ray hits the death yak. (Press . to maintain the ray.)
The death yak gores you but does no damage.
The searing ray hits the death yak but does no damage.
The searing ray hits the death yak.
The death yak closely misses you.
The searing ray hits the death yak! x2; You block the death yak's attack.
The searing ray hits the death yak but does no damage.
The searing ray hits the death yak!
You finish channelling your searing ray.
You block the death yak's attack.
Aim: a death yak (heavily wounded, umbra, 94% to hit)
The searing ray hits the death yak. x2 (Press . to maintain the ray.)
You block the death yak's attack.
The searing ray hits the death yak! x2; You block the death yak's attack.
The searing ray hits the death yak. x2; The death yak closely misses you.
The searing ray hits the death yak.
The searing ray hits the death yak but does no damage.
You finish channelling your searing ray.
You block the death yak's attack.
Aim: a death yak (severely wounded, umbra, 94% to hit)
The searing ray hits the death yak. x2 (Press . to maintain the ray.)
You block the death yak's attack.
Without enough magic to sustain it, your searing ray dissipates.
You block the death yak's attack.
Unknown command.
You hit the death yak. You burn the death yak. You tail-slap the death yak.
You kill the death yak!
Dithmenos accepts your kill.
Your Translocations skill increases to level 5!
You hit the rime drake. You burn the rime drake. You hit the death yak.
You burn the death yak.
Your tail-slap misses the death yak.
You whack the death yak! You burn the death yak. The death yak gores you.
You hit the death yak. You burn the death yak.
Your tail-slap misses the death yak.
You barely miss the death yak. The death yak gores you!
* * * LOW HITPOINT WARNING * * *
You barely miss the death yak. You block the death yak's attack.
You whack the death yak! You burn the death yak.
You kill the death yak!
Dithmenos accepts your kill.
Your Air Magic skill increases to level 7!
You closely miss the rime drake. You block the rime drake's attack.
You barely miss the rime drake. The rime drake breathes ice at you.
The flash freeze hits you!!
* * * LOW HITPOINT WARNING * * *
You are encased in ice.
You completely miss the rime drake. You tail-slap the rime drake.
You block the rime drake's attack.
You hit the rime drake. You burn the rime drake.
Your tail-slap misses the rime drake.
You block the rime drake's attack.
Aim: a rime drake (moderately wounded, umbra, 77% to hit)
The searing ray hits the rime drake. (Press . to maintain the ray.)
The ice encasing you melts away. The rime drake breathes ice at you.
The flash freeze misses you.
You hit the rime drake. You burn the rime drake.
The rime drake bites you but does no damage.
You barely miss the rime drake. You block the rime drake's attack.
You hit the rime drake. You burn the rime drake.
The rime drake closely misses you.
You miss the rime drake. The rime drake closely misses you.
You closely miss the rime drake.
You tail-slap the rime drake, but do no damage.
The rime drake breathes ice at you. The flash freeze hits you!!
* * * LOW HITPOINT WARNING * * *
You are encased in ice.
You hit the rime drake. You burn the rime drake.
Your tail-slap misses the rime drake.
You barely miss the rime drake. You block the rime drake's attack.
The rime drake bites you but does no damage.
Okay, then.
You completely miss the rime drake. The rime drake barely misses you.
You completely miss the rime drake.
Hit: m) +4 whip (flame)
Aim: a rime drake (almost dead, catching its breath, umbra, about 34% to evade your +4 whip of flaming)
You hit the rime drake but do no damage.
Your tail-slap misses the rime drake.
You block the rime drake's attack.
Hit: m) +4 whip (flame)
Aim: a rime drake (almost dead, umbra, about 34% to evade your +4 whip of flaming)
You hit the rime drake. You burn the rime drake.
You kill the rime drake!
Dithmenos accepts your kill. The ice encasing you melts away.
You start resting.
You start resting.
An ironbound frostheart is nearby!
You enter the shallow water.
Moving in this stuff is going to be slow.
You start resting.
An ironbound frostheart is nearby!
Aim: an ironbound frostheart, wearing a +0 scale mail (wandering, hasn't noticed you, umbra, 77% to hit)
You exhale a blast of scalding steam.
The ball of steam misses the ironbound frostheart.
The ironbound frostheart is engulfed in a cloud of scalding steam.
The ironbound frostheart touches you!! The ironbound frostheart freezes you!
You feel yourself slow down.
You feel protected.
The ironbound frostheart is engulfed in a cloud of scalding steam.
The ironbound frostheart touches you!
* * * LOW HITPOINT WARNING * * *
The ironbound frostheart freezes you! You resist.
* * * LOW HITPOINT WARNING * * *
You feel very mighty all of a sudden.
You feel yourself speed up.
The ironbound frostheart calls freezing cold from the walls.
The frost grips you! You partially resist.
* * * LOW HITPOINT WARNING * * *
You are encased in ice.
Aim: an ironbound frostheart, wearing a +0 scale mail (lightly wounded, umbra, chance to affect: 47%)
The ironbound frostheart's mind is blasted!
You block the ironbound frostheart's attack.
Aim: an ironbound frostheart, wearing a +0 scale mail (moderately wounded, umbra, chance to affect: 47%)
The ironbound frostheart resists with some effort.
The ice encasing you melts away.
You block the ironbound frostheart's attack.
Aim: an ironbound frostheart, wearing a +0 scale mail (moderately wounded, umbra, chance to affect: 47%)
The ironbound frostheart resists with some effort.
The ironbound frostheart touches you.
You die...

#[## #.#≈≈≈≈≈≈≈
##.## ##≈≈≈≈≈≈≈≈
##.## ##≈≈≈≈≈≈≈≈
##.###≈≈#≈≈≈≈≈#
##.##≈###≈≈≈###
##.≈########.#
##.###.##...####
##.#...#p.#.#.#
#.#..#..#@##..##
#....##.####...#
#..###########.##
#.## ##..# #..#
### #...# ##.#
#...# ###.#
#.⌠.###..##
#...#...##
#......######


You could see an ironbound frostheart.

Vanquished Creatures
  An ironbound frostheart (IceCv)
  3 death yaks (IceCv)
  2 rime drakes (IceCv)
  A kobold demonologist (D:10)
  A komodo dragon (D:11)
  A troll (D:11)
  2 hornets
  7 polar bears (IceCv)
  2 wyverns
  2 shadows
  A wraith (D:9)
  17 yaks (IceCv)
  A steam dragon (D:6)
  3 vampire mosquitoes (D:10)
  2 water moccasins (D:7)
  2 ice beasts
  4 orc warriors
  2 ogres
  2 necrophages
  2 centaurs
  20 wolves (IceCv)
  A kobold brigand (D:10)
  3 phantoms
  2 gnoll sergeants
  6 scorpions
  14 killer bees
  5 wights (D:7)
  3 howler monkeys (D:7)
  4 centaur zombies
  A hound (D:4)
  A jelly (D:5)
  3 orc priests
  2 bullfrog skeletons
  5 iguanas
  10 orc wizards
  A hound zombie (D:5)
  A howler monkey skeleton (D:7)
  12 gnolls
  4 adders
  13 white imps
  An ufetubus (D:4)
  2 adder skeletons
  5 worms
  2 dart slugs (D:1)
  32 orcs
  4 bats
  7 endoplasms
  A giant cockroach (D:3)
  4 goblins
  5 hobgoblins
  4 jackals (D:4)
  11 kobolds
  4 quokkas
  6 ball pythons
  6 frilled lizards
  5 rats
268 creatures vanquished.

Vanquished Creatures (others)
  An orc priest (D:8)
  An orc wizard (D:8)
  2 orcs (D:8)
  6 plants (D:2)
10 creatures vanquished.

Grand Total: 278 creatures vanquished

Notes
Turn   | Place    | Note
-------+----------+-------------------------------------------
     0 | D:1      | CryoSword the Draconian Conjurer began the quest for the
                  | Orb.
     0 | D:1      | Reached XP level 1. HP: 14/14 MP: 3/3
   770 | D:1      | Reached XP level 2. HP: 20/22 MP: 1/5
   773 | D:1      | Learned a level 2 spell: Searing Ray
  1452 | D:2      | Reached skill level 1 in Fighting
  1844 | D:2      | Reached XP level 3. HP: 28/28 MP: 2/6
  2231 | D:2      | Found a faded altar of an unknown god.
  2943 | D:3      | Reached XP level 4. HP: 35/35 MP: 2/7
  3800 | D:4      | Reached skill level 1 in Maces & Flails
  3800 | D:4      | Reached skill level 5 in Conjurations
  3800 | D:4      | Reached XP level 5. HP: 41/41 MP: 3/9
  4058 | D:4      | Found a staircase to the Ecumenical Temple.
  4077 | D:4      | Noticed Duvessa
  4082 | D:4      | Noticed Dowan
  4399 | D:4      | Noticed a phantom
  4417 | D:4      | Reached XP level 6. HP: 50/50 MP: 2/10
  4489 | D:4      | Reached skill level 1 in Shields
  4882 | Temple   | Entered the Ecumenical Temple
  4923 | Temple   | Became a worshipper of Dithmenos the Shadowed
  5010 | D:5      | Entered Level 5 of the Dungeon
  5039 | D:5      | Your scales start taking on a pale cyan-grey colour.
  5039 | D:5      | Reached XP level 7. HP: 47/57 MP: 4/11
  5039 | D:5      | Gained mutation: You are immune to the effects of steam.
                  | [Pale Draconian growth]
  6066 | D:6      | Reached XP level 8. HP: 66/66 MP: 8/12
  6247 | D:6      | Found a transporter.
  6250 | D:6      | Noticed a toenail golem
  6550 | D:6      | Found a one-way gate to the infinite horrors of the Abyss.
  6559 | D:6      | Noticed an ancient zyme
  6559 | D:6      | Noticed Gabide's ghost (novice VSMo)
  6560 | D:6      | Found a transporter.
  6629 | D:6      | Reached skill level 5 in Maces & Flails
  6794 | D:7      | Reached skill level 5 in Shields
  6822 | D:7      | Reached * piety under Dithmenos
  7251 | D:7      | Found an opulent altar of Gozag.
  7260 | D:7      | Reached skill level 5 in Fighting
  7382 | D:7      | Reached XP level 9. HP: 49/74 MP: 8/13
  7974 | D:7      | Found a runed translucent gate.
  7974 | D:7      | Found a runed translucent gate.
  7976 | D:7      | Found a runed translucent gate.
  7977 | D:7      | Noticed kalagan's ghost (novice DECj)
  8653 | D:8      | Learned a level 4 spell: Airstrike
  8822 | D:8      | Reached ** piety under Dithmenos
  8823 | D:8      | Reached skill level 1 in Air Magic
  9789 | D:9      | Found a hazy altar of Hepliaklqana.
  9790 | D:9      | Found an iron altar of Okawaru.
  9790 | D:9      | Found a white marble altar of Elyvilon.
  9790 | D:9      | Found a hide-covered altar of Uskayaw.
  9791 | D:9      | Found an ancient bone altar of Kikubaaqudgha.
  9791 | D:9      | Found a bloodstained altar of Trog.
  9792 | D:9      | Found an ornate altar of the Wu Jian Council.
  9792 | D:9      | Found a blossoming altar of Fedhas.
  9792 | D:9      | Found a shimmering altar of Xom.
  9794 | D:9      | Found a glowing golden altar of the Shining One.
  9794 | D:9      | Found a burning altar of Makhleb.
  9794 | D:9      | Found a sparkling altar of Nemelex Xobeh.
 10298 | D:9      | Reached XP level 10. HP: 83/83 MP: 14/14
 11160 | D:10     | Entered Level 10 of the Dungeon
 11435 | D:10     | Reached skill level 1 in Translocations
 11444 | D:10     | Learned a level 3 spell: Swiftness
 11449 | D:10     | Learned a level 4 spell: Iskenderun's Mystic Blast
 11773 | D:10     | Found a staircase to the Orcish Mines.
 11834 | D:10     | Reached *** piety under Dithmenos
 12645 | D:11     | Found a frozen archway.
 12682 | IceCv    | Entered an ice cave
 12690 | IceCv    | Reached skill level 5 in Air Magic
 12855 | IceCv    | Reached XP level 11. HP: 77/91 MP: 15/16
 14169 | IceCv    | Reached **** piety under Dithmenos
 14522 | IceCv    | Noticed a death yak
 14522 | IceCv    | Noticed a death yak
 14569 | IceCv    | Killed a death yak
 14697 | IceCv    | Noticed a death yak
 14699 | IceCv    | Noticed a death yak
 14725 | IceCv    | Noticed an ironbound frostheart
 15189 | IceCv    | Noticed an ironbound frostheart
 15228 | IceCv    | Killed an ironbound frostheart
 15523 | IceCv    | Killed a death yak
 15524 | IceCv    | Reached skill level 5 in Translocations
 15530 | IceCv    | Killed a death yak
 15831 | IceCv    | Slain by an ironbound frostheart

Illustrated notes

Levels and vault maps discovered:
D:1:      tarquinn_simple_flora_water_c, layout_loops_ring
D:2:      layout_loops_corners, chequers_ecumenical_altar_island, minivault_26,
          serial_bayou_lagoon_b
D:3:      layout_basic, st_stairs_9
D:4:      layout_gridville, minmay_temple_entry_grid, solitary_fountain,
          corexii_item_surrounded_by_moat, uniq_duvessa
D:5:      layout_loops_ring, kennysheep_generic_room_14
D:6:      layout_cave_pools, gammafunk_ghost_abyssal_escape
D:7:      layout_cave_pods, mainiacjoe_overflow_alcove_1,
          biasface_ghost_orc_armoury
D:8:      layout_basic, lemuel_flamethrower_2
D:9:      layout_irregular_city, nicolae_overflows_in_rows
D:10:     layout_cave_pods, david_orc_2
D:11:     layout_stronghold, erik_lair_orcish_takeover,
          portal_ice_cave_entry_imps
Temple:   corrupted_temple
IceCv:    ice_cave_caverns_02

Skill      XL: |  1  2  3  4  5  6  7  8  9 10 11 |
---------------+----------------------------------+-----
Dodging        | 2 |  2.6
Fighting       | 1 2 3 4 5 6 7 |  7.6
Maces & Flails | 1 2 3 4 6 7 8 9 |  9.3
Conjurations   | 5 6 7 8 |  8.8
Spellcasting   | 3 4 |  4.6
Shields        | 2 4 5 7 8 9 |  9.3
Air Magic      | 3 5 7 |  7.0
Translocations | 3 5 |  5.1
Stealth        | 2 3 |  3.0

Action                   |  1- 3 |  4- 6 |  7- 9 | 10-12 || total
-------------------------+-------+-------+-------+-------++-------
Melee: Short sword       |    41 |       |       |       ||    41
       Whip              |     3 |   122 |   137 |   228 ||   490
       Tailslap          |     1 |    10 |    18 |    40 ||    69
       Punch             |       |     1 |       |       ||     1
Throw: Throwing net      |       |       |       |     1 ||     1
 Cast: Magic Dart        |    17 |       |       |       ||    17
       Searing Ray       |    22 |    13 |    62 |    82 ||   179
 Abil: Breathe Steam     |       |       |    11 |     7 ||    18
Evoke: Wand              |       |       |       |     8 ||     8
  Use: Scroll            |       |     9 |     4 |     6 ||    19
       Potion            |       |     1 |     1 |     4 ||     6
 Stab: Sleeping          |       |       |     3 |       ||     3
Armor: Skin              |     7 |    36 |    61 |   134 ||   238
Dodge: Dodged            |    28 |    72 |    53 |   160 ||   313
Block: Kite shield       |       |    54 |   213 |   433 ||   700
       Other             |       |     4 |       |       ||     4
       Reflection        |       |     1 |       |    10 ||    11
